Map: Backwater LE

Players

YDD - Winner!

  • Race: Zerg Zerg
  • League: Platinum
  • Spawn Location: 11:00

Subwayeatn

  • Race: Zerg Zerg
  • League: Platinum
  • Spawn Location: 5:00

VOD

Have the link to the VOD?

Description

Time

  • Played on: May 10, 2018, 5:41 p.m.
  • Length: 8:10
Show
View Real Time Build Order
Export as new Build Order

YDD Zerg - Winner!

Build Orders: Pool First 

Get SALT Encoding   

  12  0:03  Drone  
  13  0:10  Drone  
  14  0:17  Overlord  
  14  0:36  Drone x3  
  17  0:47  Spawning Pool  
  17  0:49  Drone  
  17  0:52  Extractor  
  16  0:57  Drone  
  17  1:21  Drone  
  17  1:22  Hatchery  
  17  1:24  Drone  
  18  1:34  Overlord  
  18  1:42  Queen  
  20  1:52  Drone  
  20  1:53  Drone  
  22  1:56  Metabolic Boost  
  22  2:04  Drone  
  23  2:18  Queen  
  25  2:24  Drone  
  25  2:25  Drone  
  27  2:48  Queen  
  29  2:54  Drone  
  30  3:04  Overlord x2  
  30  3:05  Drone x5  
  35  3:14  Lair  
  35  3:19  Roach Warren  
  34  3:25  Extractor  
  33  3:51  Drone x3  
  36  4:01  Roach  
  36  4:02  Roach x7  
  52  4:11  Glial Reconstitution  
  52  4:22  Extractor  
  51  4:41  Drone  
  51  4:42  Overlord  
  51  4:43  Overlord  
  51  4:45  Extractor, Overlord  
  52  4:47  Drone  
  52  4:51  Evolution Chamber  
  52  4:52  Evolution Chamber  
  50  4:53  Drone x2  
  52  5:03  Drone x6  
  56  5:44  Zerg Ground Armor Level 1, Zerg Missile Weapons Level 1  
  56  5:46  Roach  
  56  5:47  Roach x6  
  58  5:51  Roach  
  58  6:04  Hatchery  
  57  6:11  Overlord  
  57  6:14  Roach x2  
  57  6:15  Roach x4  
  69  6:21  Roach  
  69  6:23  Roach  
  73  6:27  Roach  
  73  6:29  Overlord x2  
  73  6:32  Drone  
  76  6:36  Roach  
  78  6:53  Roach x4  
  86  6:56  Roach x2  
  86  6:57  Roach x2  
  94  7:30  Roach x7  
Show
View Real Time Build Order
Export as new Build Order

Subwayeatn Zerg 

Build Orders: Pool First 

Get SALT Encoding   

  12  0:01  Drone  
  13  0:12  Overlord  
  13  0:17  Drone  
  14  0:30  Drone x2  
  16  0:41  Spawning Pool  
  15  0:44  Drone  
  16  1:07  Hatchery  
  15  1:12  Drone  
  15  1:14  Extractor  
  15  1:16  Drone  
  16  1:28  Queen  
  18  1:33  Drone  
  18  1:35  Drone  
  20  1:42  Overlord  
  20  1:46  Drone  
  21  1:55  Drone  
  22  2:07  Drone  
  23  2:17  Overlord  
  23  2:20  Zergling x2  
  24  2:24  Queen  
  24  2:25  Metabolic Boost  
  26  2:39  Drone x4  
  26  2:41  Drone  
  31  2:55  Drone x2  
  31  2:57  Overlord  
  33  2:59  Overlord  
  33  3:14  Hatchery  
  35  3:20  Drone x3  
  35  3:21  Drone  
  35  3:24  Drone  
  37  3:29  Overlord  
  37  3:39  Queen  
  39  3:43  Extractor  
  39  3:44  Extractor  
  39  3:46  Extractor  
  39  3:47  Drone x3  
  39  3:48  Drone x2  
  41  3:50  Drone  
  42  3:56  Lair  
  42  4:09  Drone x3  
  45  4:10  Drone x3  
  45  4:14  Drone x2  
  45  4:15  Drone  
  51  4:29  Drone x3  
  54  4:31  Evolution Chamber  
  54  4:32  Queen, Evolution Chamber  
  54  4:46  Zergling x6  
  54  4:47  Zergling x2  
  54  4:49  Overlord x3  
  58  4:53  Spine Crawler  
  58  4:58  Zergling x2  
  58  5:05  Spine Crawler  
  55  5:16  Zergling x2  
  55  5:17  Zergling x20  
  60  5:32  Queen  
  53  5:58  Zerg Melee Weapons Level 1  
  53  5:59  Zerg Ground Armor Level 1  
  53  6:07  Drone x11, Spire  
  65  6:19  Zergling x2  
  65  6:20  Zergling x6  
  69  6:29  Overlord  
  69  6:30  Overlord  
  67  6:46  Extractor  
  64  6:47  Zergling x6, Extractor  
  64  6:48  Zergling x16  
  64  6:49  Queen  
  64  6:53  Spine Crawler  
  75  6:55  Zergling x2  
  75  6:56  Spine Crawler  
  75  7:03  Infestation Pit  
  75  7:05  Drone x3  
  76  7:12  Zergling x2  
  76  7:13  Zergling x14  
  75  7:34  Mutalisk x2  
  75  7:35  Mutalisk x7  
  75  7:44  Zergling x2  
  75  7:45  Zergling x4  
  75  7:50  Zergling x8  
  75  7:51  Zergling x2  
Tags
 
Add a new tag
Caveats
  • Supply blocks, unpowered buildings, or Contaminate may cause inaccurate times.
  • Supply counts are checked every 10 seconds.